 Dungeon Crawl Stone Soup version 0.22.1-2-g9c5b331383 (webtiles) character file.

2879 Revguard the Grappler (level 9, -3/84 HPs)
             Began as a Troll Monk on Dec 12, 2018.
             Slain by a killer bee (4 damage)
             ... on level 7 of the Dungeon.
             The game lasted 00:20:31 (5215 turns).

Revguard the Grappler (Troll Monk)                  Turns: 5215, Time: 00:20:32

Health: -3/84      AC:  6    Str: 22      XL:     9   Next: 48%
Magic:  17/17      EV: 12    Int:  4      God:
Gold:   409        SH:  0    Dex: 13 (14) Spells: 2/8 levels left

rFire    + . .     SeeInvis .     - Unarmed
rCold    + . .     Gourm    +   (no shield)
rNeg     . . .     Faith    .   a - +1 robe
rPois    .         Spirit   .   (helmet restricted)
rElec    .         Reflect  .   k - scarf {rC+ rF+}
rCorr    .         Harm     .   (gloves unavailable)
MR       .....                  (boots unavailable)
Stlth    ++........             q - amulet of rage
HPRegen  0.64/turn              (no ring)
MPRegen  0.15/turn              w - ring of magical power

@: lethally poisoned (-3 -> -37)
A: large, unfitting armour, claws 3, horns 1, dopey 1, fast metabolism 3,
gourmand, regeneration 1, shaggy fur 1, tough skin 2
a: Evoke Berserk Rage


You were on level 7 of the Dungeon.
You were not hungry.

You visited 2 branches of the dungeon, and saw 8 of its levels.
You also visited: Ossuary.

You collected 409 gold pieces.

Inventory:

Armour
 a - a +1 robe (worn)
 k - a scarf of resistance (worn)
Jewellery
 o - an uncursed amulet of the acrobat
 q - an amulet of rage (around neck)
 r - an uncursed ring of teleportation
 w - a ring of magical power (right claw)
Wands
 m - a wand of polymorph (16)
 v - a wand of disintegration (12)
Scrolls
 e - 6 scrolls of remove curse
 g - 2 scrolls of enchant weapon {unknown}
 i - 2 scrolls of immolation
 j - 2 scrolls of identify
 n - 2 scrolls of noise {unknown}
 p - 6 scrolls of teleportation {unknown}
 s - 4 scrolls of fear {unknown}
 t - a scroll of amnesia
Potions
 d - 2 potions of resistance
 f - 3 potions of brilliance
 h - a potion of might
 l - 2 potions of degeneration
 u - a potion of berserk rage {unknown}
Comestibles
 b - 17 rations


   Skills:
 + Level 4.2 Fighting
 + Level 5.6 Dodging
 - Level 1.0 Stealth
 + Level 11.1 Unarmed Combat


You had 2 spell levels left.
You knew the following spells:

 Your Spells              Type           Power        Failure   Level  Hunger
a - Swiftness             Chrm/Air       #.......     65%         2    ###....
b - Shock                 Conj/Air       #...         50%         1    ##.....
c - Static Discharge      Conj/Air       #.......     86%         3    ####...

Your spell library contained the following spells:

 Spells                   Type           Power        Failure   Level  Hunger
 Airstrike                Air            #.........   99%         4    #####..
 Lightning Bolt           Conj/Air       #.........   100%        5    ######.


Dungeon Overview and Level Annotations

Branches:
Dungeon (7/15)             Temple (1/1) D:7

Altars:
Ashenzari
Cheibriados
Dithmenos
Elyvilon
Gozag
Hepliaklqana
Kikubaaqudgha
Makhleb
Nemelex Xobeh
Okawaru
Qazlal
Sif Muna
Trog
Uskayaw
Vehumet
Wu Jian
Zin
The Shining One


Innate Abilities, Weirdness & Mutations

You are too large for most types of armour.
You have claws for hands.
Your metabolism is lightning-fast.
You like to eat raw meat.
Your natural rate of healing is unusually fast.
You are covered in fur. (AC +1)
You have very tough skin. (AC +2)
You have a pair of small horns on your head.
You are dopey. (Int -2)


Message History

You fail to use your ability.
* * * LOW HITPOINT WARNING * * *
You feel very sick.
The killer bee stings you but does no damage.
The adder bites you but does no damage. The killer bee stings you!
* * * LOW HITPOINT WARNING * * *
You are more poisoned.
The killer bee poisons you! The adder barely misses you.
You fail to use your ability.
* * * LOW HITPOINT WARNING * * *
You feel very sick.
The killer bee barely misses you. x2; The adder bites you but does no damage.
You fail to use your ability.
* * * LOW HITPOINT WARNING * * *
You feel very sick. The killer bee misses you. The adder bites you.
* * * LOW HITPOINT WARNING * * *
You are more poisoned.
The adder poisons you! The killer bee stings you.
You die...

#)#..#......#'####...............
).#####....##.#.....####....##+#.
......#....#..'.....# #....#
......#....#..#.....# #....#
#####'#....####.....#
.................####
.................#
.................#
...............y@#
...........####S##
...........#..yy#
..#######+##...y# ..# #.........#
..+ #...##....# ##. #....# #
#....# ......#


You could see 4 killer bees and an adder.

Vanquished Creatures
  A spriggan (D:7)
  A wyvern (D:5)
  2 orc warriors (D:6)
  An ice beast (D:6)
  2 black bears
  A phantom (D:4)
  An ogre (D:4)
  3 centaurs
  4 elf zombies (Ossuary)
  A big kobold (D:7)
  3 bullfrogs
  2 scorpions
  A killer bee (D:7)
  2 howler monkeys
  A crimson imp (D:3)
  2 centaur zombies (Ossuary)
  A hound (D:6)
  A quasit (D:7)
  6 human zombies (Ossuary)
  2 jellies
  2 bullfrog skeletons
  Terence (D:3)
  3 orc wizards
  6 worker ants
  3 mummies (Ossuary)
  9 adders
  2 adder skeletons
  3 worms
  2 dart slugs
  7 leopard geckos
  17 orcs
  10 bats
  10 giant cockroaches
  5 goblins
  9 hobgoblins
  4 jackals (D:3)
  9 kobolds
  3 quokkas
  A ball python (D:2)
  3 frilled lizards
  A quokka skeleton (D:4)
  2 quokka zombies
  9 rats
159 creatures vanquished.

Notes
Turn   | Place    | Note
-------+----------+-------------------------------------------
     0 | D:1      | Revguard the Troll Monk began the quest for the Orb.
     0 | D:1      | Reached XP level 1. HP: 22/22 MP: 0/0
   138 | D:1      | Reached XP level 2. HP: 29/29 MP: 1/1
   557 | D:1      | Reached XP level 3. HP: 36/36 MP: 2/2
   877 | D:2      | Reached skill level 4 in Unarmed Combat
   877 | D:2      | Reached XP level 4. HP: 43/44 MP: 3/3
  1503 | D:3      | Reached XP level 5. HP: 41/53 MP: 4/4
  1601 | D:3      | Reached skill level 5 in Unarmed Combat
  1975 | D:3      | Noticed Terence
  1988 | D:3      | Killed Terence
  2139 | D:4      | Noticed an ogre
  2141 | D:4      | Noticed a phantom
  2147 | D:4      | Killed an ogre
  2147 | D:4      | Reached XP level 6. HP: 53/61 MP: 5/5
  2205 | D:4      | Reached skill level 6 in Unarmed Combat
  2559 | D:4      | Reached XP level 7. HP: 30/67 MP: 6/6
  3190 | D:5      | Entered Level 5 of the Dungeon
  3262 | D:5      | Found a sand-covered staircase.
  3281 | Ossuary  | Entered an ossuary
  3327 | Ossuary  | Reached skill level 7 in Unarmed Combat
  3456 | Ossuary  | Reached XP level 8. HP: 69/75 MP: 7/7
  3472 | Ossuary  | Reached skill level 8 in Unarmed Combat
  3661 | D:5      | Reached skill level 5 in Dodging
  3678 | D:5      | Reached skill level 9 in Unarmed Combat
  4170 | D:6      | Learned a level 2 spell: Swiftness
  4172 | D:6      | Learned a level 1 spell: Shock
  4176 | D:6      | Learned a level 3 spell: Static Discharge
  4234 | D:6      | Reached skill level 10 in Unarmed Combat
  4273 | D:6      | Reached XP level 9. HP: 47/84 MP: 8/8
  4289 | D:6      | Gained mutation: Your muscles are strong. (Str +2) [potion
                  | of mutation]
  4289 | D:6      | Lost mutation: Your muscles are strong. (Str +2) [potion of
                  | mutation]
  4289 | D:6      | Gained mutation: You have a beak for a mouth. [potion of
                  | mutation]
  4290 | D:6      | Lost mutation: You have a beak for a mouth. [potion of
                  | mutation]
  4290 | D:6      | Gained mutation: You are dopey. (Int -2) [potion of
                  | mutation]
  4290 | D:6      | Gained mutation: You have a pair of small horns on your
                  | head. [potion of mutation]
  4743 | D:7      | Found a staircase to the Ecumenical Temple.
  4758 | D:7      | Reached skill level 11 in Unarmed Combat
  4784 | Temple   | Entered the Ecumenical Temple
  5215 | D:7      | HP: 2/84 [poisoned by a killer bee]
  5215 | D:7      | Slain by a killer bee

Skill      XL: |  1  2  3  4  5  6  7  8  9 |
---------------+----------------------------+-----
Dodging        | 3 4 5 |  5.6
Unarmed Combat | 4 5 6 7 10 11 | 11.1
Fighting       | 3 4 |  4.2
Stealth        | |  1.0

Action                   |  1- 3 |  4- 6 |  7- 9 || total
-------------------------+-------+-------+-------++-------
Melee: Unarmed           |    78 |   153 |   278 ||   509
       Punch             |       |     3 |    13 ||    16
       Headbutt          |       |       |     4 ||     4
  Use: Scroll            |       |       |    11 ||    11
       Potion            |       |       |     8 ||     8
 Stab: Sleeping          |     3 |     2 |     1 ||     6
  Eat: Chunk             |     9 |    19 |    19 ||    47
Armor: Robe              |    26 |    59 |    63 ||   148
Dodge: Dodged            |    42 |   112 |   131 ||   285
